 Dungeon Crawl Stone Soup version 0.27.1-1-g398f81649c (webtiles) character file.

Game seed: 11146979971715054088

67 H0rd4k the Magician (level 4, -9/27 HPs)
             Began as an Octopode Hedge Wizard on Sept 16, 2021.
             Splashed by Ijyb's acid (15 damage)
             ... on level 3 of the Dungeon.
             The game lasted 00:02:38 (3246 turns).

H0rd4k the Magician (Octopode Hedge Wizard)         Turns: 3246, Time: 00:02:39

Health: -9/27      AC: -3    Str:  9    XL:     4   Next: 18%
Magic:  8/10       EV: 13    Int: 17    God:
Gold:   68         SH:  0    Dex: 11    Spells: 2/11 levels left

rFire    . . .     SeeInvis .   a - +0 dagger
rCold    . . .     Faith    .   (no shield)
rNeg     . . .     Spirit   .   b - +0 hat
rPois    .         Reflect  .   (no amulet)
rElec    .         Harm     .   (no ring)
rCorr    .         Rampage  .   (no ring)
Will     .....                  (no ring)
Stlth    +++.......             (no ring)
HPRegen  0.09/turn              (no ring)
MPRegen  0.12/turn              (no ring)
                                (no ring)
                                (no ring)

@: corroded
A: almost no armour, amphibious, 8 rings, camouflage 1, gelatinous body 1,
(nimble swimmer 1), tentacles
a: no special abilities


You were on level 3 of the Dungeon.
You visited 1 branch of the dungeon, and saw 3 of its levels.

You collected 68 gold pieces.

Inventory:

Hand Weapons
 a - a +0 dagger (weapon)
Missiles
 e - 5 curare-tipped darts
Armour
 b - a +0 hat (worn)
Scrolls
 f - a scroll of enchant weapon {unknown}
Potions
 c - a potion of brilliance {unknown}
 d - a potion of degeneration {unknown}


   Skills:
 + Level 2.2 Dodging
 + Level 2.9 Stealth
 + Level 4.3 Spellcasting
 + Level 1.5 Conjurations
 + Level 1.0 Summonings
 + Level 1.0 Translocations


You had 2 spell levels left.
You knew the following spells:

 Your Spells              Type           Power      Damage    Failure   Level
a - Magic Dart            Conj           36%        1d4       8%          1
b - Blink                 Tloc           N/A        N/A       16%         2
c - Conjure Flame         Conj/Fire      6%         6-21      32%         3
d - Mephitic Cloud        Conj/Pois/Air  5%         N/A       36%         3

Your spell library contained the following spells:

 Spells                   Type           Power      Damage    Failure   Level
 Call Imp                 Summ           7%         N/A       16%         2
 Slow                     Hex            3%         N/A       24%         2
 Confusing Touch          Hex            3%         N/A       43%         3
 Yara's Violent Unravell  Hex/Tmut       1%         3d3       99%         5


Dungeon Overview and Level Annotations

Branches:
Dungeon (3/15)

Altars:

Annotations:
D:2 exclusion: downstairs
D:3 Ijyb


Innate Abilities, Weirdness & Mutations

You cannot wear most types of armour.
You are amphibious.
You can wear up to eight rings at the same time.
Your skin changes colour to match your surroundings (Stealth+).
Your rubbery body absorbs attacks. (AC +1, EV +1)
((You are camouflaged near water. (Stealth+)))
You have tentacles for arms and can constrict up to eight enemies at once.


Message History

The giant cockroach is lightly wounded.
The giant cockroach bites you.
The magic dart hits the giant cockroach.
The giant cockroach is moderately wounded.
The giant cockroach closely misses you.
You miscast Magic Dart.
You are very lightly contaminated with residual magic.
Nothing appears to happen.
The giant cockroach bites you.
The magic dart hits the giant cockroach but does no damage.
The giant cockroach is moderately wounded.
The giant cockroach barely misses you.
The magic dart hits the giant cockroach.
The giant cockroach is heavily wounded.
The giant cockroach barely misses you. The giant cockroach bites you.
You miscast Magic Dart.
Nothing appears to happen.
The giant cockroach bites you.
The magic dart hits the giant cockroach.
The giant cockroach is severely wounded.
The giant cockroach closely misses you.
The magic dart hits the giant cockroach but does no damage.
The giant cockroach is severely wounded.
The giant cockroach bites you but does no damage.
You are too depleted to draw on your mana recklessly!
You hit the giant cockroach.
You kill the giant cockroach!
You see here a giant cockroach corpse.
There is a stone staircase leading up, spattered with blood here.
You start resting.
Your magical contamination has completely faded away.
You start resting.
HP restored.
Ijyb the Twisted Goblin comes into view.
She is wielding a +0 dagger and carrying a wand of acid (8).
A frilled lizard comes into view.
A hobgoblin comes into view.
Ijyb zaps a wand.
The bolt of acid hits you!!
Ouch! That really hurt!
* * * LOW HITPOINT WARNING * * *
The acid corrodes you!
You are splashed with acid!
Ouch! That really hurt!
You die...

g. ..# .....# ##
..#l.# .. #
#.#..# .. #.
#.#.. #..###.#.#
....
##....#.#.###
#.#.
............#
#.#. ####.#@#.#.#
#...
###....#.#.##
#..#
.....#..g....#
#..#
####....#.###.##
#..# ###.###..##
#.######..# ..#
##.# #..##.....#
#.###..##
##(.##.###.#
#.#.##.###.#.##B#
#.#
#<####.).##.##.#
#..


You could see Ijyb.

Vanquished Creatures
  2 adders (D:2)
  A howler monkey skeleton (D:3)
  A worm (D:2)
  A dart slug (D:1)
  An orc (D:3)
  5 ball pythons
  3 endoplasms
  3 giant cockroaches
  4 hobgoblins
  2 bats
  2 kobolds (D:2)
  10 rats
35 creatures vanquished.

Notes
Turn   | Place    | Note
-------+----------+-------------------------------------------
     0 | D:1      | H0rd4k the Octopode Hedge Wizard began the quest for the
                  | Orb.
     0 | D:1      | Reached XP level 1. HP: 11/11 MP: 4/4
   303 | D:1      | Reached XP level 2. HP: 17/17 MP: 0/6
  1240 | D:2      | Reached XP level 3. HP: 18/21 MP: 0/8
  1243 | D:2      | Learned a level 2 spell: Blink
  1711 | D:2      | Reached skill level 4 in Spellcasting
  2128 | D:3      | Reached XP level 4. HP: 9/27 MP: 3/10
  2624 | D:2      | Learned a level 3 spell: Conjure Flame
  2628 | D:2      | Learned a level 3 spell: Mephitic Cloud
  3239 | D:3      | Noticed Ijyb
  3246 | D:3      | Splashed by Ijyb's acid

Illustrated notes

Levels and vault maps discovered:
D:1:      mainiacjoe_arrival_reflecting_pool, layout_basic,
          minmay_rat_gold_closets
D:2:      layout_rooms
D:3:      layout_loops_ring, goddamned_bats, uniq_ijyb

Skill      XL: |  1  2  3 |
---------------+----------+-----
Spellcasting   | 4 |  4.3
Dodging        | |  2.2
Stealth        | |  2.9
Conjurations   | |  1.5
Summonings     | |  1.0
Translocations | |  1.0

Action                   |  1- 3 |  4- 6 || total
-------------------------+-------+-------++-------
Melee: Dagger            |     8 |     4 ||    12
       Constrict         |     2 |     1 ||     3
       Tentacles         |     1 |       ||     1
 Cast: Magic Dart        |    91 |    31 ||   122
Armor: Skin              |     1 |     5 ||     6
Dodge: Dodged            |    13 |     9 ||    22
